 Dungeon Sprint DCSS version 0.17-a0-1570-g74b7129 (webtiles) character file.

56 nuthulu the Blocker (level 7, -4/72 HPs)
             Began as a Deep Dwarf Fighter on July 23, 2015.
             Was a Believer of Okawaru.
             Slain by a red devil
             ... wielding a cursed +0 trident
              (22 damage)
             ... in the Dungeon (Sprint VI: "Thunderdome").
             The game lasted 00:04:16 (528 turns).

nuthulu the Blocker (Deep Dwarf Fighter)             Turns: 528, Time: 00:04:16

Health: -4/72      AC: -24   Str: 25    XL:     7   Next: 8%
Magic:  7/7        EV: 15    Int:  6    God:    Okawaru [**....]
Gold:   7          SH: 15    Dex: 25    Spells: 0 memorised, 6 levels left

rFire  . . .     SeeInvis +     a - +0 flail
rCold  + + .     Clarity  .     b - +0 scale mail
rNeg   + . .     SustAt   .     c - +0 shield
rPois  .         Gourm    .     (no helmet)
rElec  .         Spirit   .     t - +0 cloak
rCorr  .         Warding  .     (no gloves)
rMut   .         NoTele   +     (no boots)
MR     .....                    r - amulet of the Echidna {*Drain +Inv MR- Regen+ Dex+8}
Stlth  +.........               q - ring "Qezovut" {rC++ Int+3 Dex+4 Stlth-}
                                g - ring of Omoroic {rN+ Str+4 Int-5 SInv}

@: heroism, corroded equipment, very slightly contaminated, non-regenerating,
not resistant to hostile enchantments, very unstealthy
A: damage resistance, recharge devices, sense surroundings 1, slow healing 3
a: Device Recharging, Heroism, Renounce Religion, Evoke Invisibility


You were in the Dungeon.
You worshipped Okawaru.
Okawaru was pleased with you.
You were not hungry.

You visited 1 branch You collected 280 gold pieces.
You spent 273 gold pieces at shops.

Inventory:

Hand weapons
 a - a +0 flail (weapon)
Armour
 b - a +0 scale mail (worn)
 c - a +0 shield (worn)
 t - a +0 cloak (worn)
Jewellery
 g - the ring of Omoroic (left hand) {rN+ Str+4 Int-5 SInv}
   (You bought it in a shop in the Dungeon)

   [ring of positive energy]

   It affects your strength (+4).
   It affects your intelligence (-5).
   It protects you from negative energy.
   It lets you see invisible.
 q - the ring "Qezovut" (right hand) {rC++ Int+3 Dex+4 Stlth-}
   (You bought it in a shop in the Dungeon)

   [ring of loudness]

   It affects your intelligence (+3).
   It affects your dexterity (+4).
   It greatly protects you from cold.
   It makes you less stealthy.
 r - the amulet of the Echidna (around neck) {*Drain +Inv MR- Regen+ Dex+8}
   (You bought it in a shop in the Dungeon)

   [amulet of regeneration]

   It affects your dexterity (+8).
   It affects your resistance to hostile enchantments.
   It lets you turn invisible.
   It increases your rate of regeneration.
   It causes draining when unequipped.
Magical devices
 e - a wand of heal wounds (3)
 m - a wand of cold (3)
 n - a wand of fire (5)
Scrolls
 l - 3 scrolls of blinking
 o - 3 scrolls of fog
Potions
 d - a potion of might
 h - 4 potions of heal wounds
 i - 4 potions of haste
 j - 2 potions of magic
 k - a potion of berserk rage
 p - a potion of resistance
 s - 2 potions of curing
Comestibles
 f - a bread ration


   Skills:
 + Level 7.5(12.5) Fighting
 + Level 7.9(12.9) Maces & Flails
 + Level 9.0(14.0) Armour
 + Level 9.1(14.1) Shields


You had 6 spell levels left.
You didn't know any spells.

Dungeon Overview and Level Annotations

Branches:
Dungeon (1/1)

Altars:
Cheibriados
Dithmenos
Fedhas
Gozag
Kikubaaqudgha
Makhleb
Okawaru
Qazlal
Ru
Sif Muna
Trog
Vehumet
Xom
Yredelemnul
Zin
The Shining One
Jiyva
Lugonu

Shops:
D *[%??*?*:[((!!!!


Innate Abilities, Weirdness & Mutations

You are resistant to damage.
You can recharge devices by infusing magical energy.
You passively map a small area around you.
You do not heal naturally.


Message History

The rust devil completely misses you.
You hit the rust devil but do no damage.
The rust devil is heavily wounded.
You barely miss the rust devil.
The rust devil is heavily wounded.
The orange demon misses you. The rust devil hits you!
The rust devil corrodes you!
You hit the rust devil but do no damage.
The rust devil is heavily wounded.
You block the orange demon's attack. The rust devil misses you.
The red devil hits you from afar with a trident!
* * * LOW HITPOINT WARNING * * *
You barely miss the rust devil.
The rust devil is heavily wounded.
The orange demon closely misses you.
You barely miss the rust devil.
The rust devil is heavily wounded.
You block the rust devil's attack.
The red devil hits you from afar with a trident!!
You die...

##### ##⌠⌠@##
#...4.#
##..444##
##∩.....∩##
#∩.......∩#
#_..÷...._#
#........_#
#_......._#
###....÷....###


You could see an orange demon, a rust devil and 2 red devils.

Vanquished Creatures
  An orange demon (D)
  2 water moccasins (D)
  5 adders (D)
  5 ball pythons (D)
13 creatures vanquished.

Notes
Turn   | Place    | Note
--------------------------------------------------------------
     0 | D        | nuthulu the Deep Dwarf Fighter began the quest for the Orb.
     0 | D        | Reached XP level 1. HP: 20/20 MP: 1/1
     2 | D        | Found a shimmering altar of Xom.
     3 | D        | Found a corrupted altar of Lugonu.
     3 | D        | Found a stormy altar of Qazlal.
     4 | D        | Found a shadowy altar of Dithmenos.
     4 | D        | Found an iron altar of Okawaru.
     5 | D        | Found a bloodstained altar of Trog.
     5 | D        | Found Ecoomuown's Weapon Rack.
     5 | D        | Found Tielag's Premium Goods.
     5 | D        | Round 1.
     6 | D        | Found Qimo's Basic Armour.
     6 | D        | Found Zeolur's Miscellaneous Merchandise.
     8 | D        | Found a blossoming altar of Fedhas.
    12 | D        | Became a worshipper of Warmaster Okawaru
    18 | D        | Found a glowing silver altar of Zin.
    19 | D        | Noticed a water moccasin
    19 | D        | Found a burning altar of Makhleb.
    19 | D        | Found Namaug's Identification Station.
    21 | D        | Found Lubir's Advanced Armour.
    21 | D        | Found Yrecsuc's Jewellery.
    21 | D        | Found a glowing golden altar of the Shining One.
    21 | D        | Found Vuidum Posu's Bee Food.
    29 | D        | Killed a water moccasin
    29 | D        | Acquired Okawaru's first power
    29 | D        | Reached skill level 4 in Fighting
    29 | D        | Reached skill level 5 in Armour
    29 | D        | Reached skill level 5 in Shields
    29 | D        | Reached XP level 2. HP: 16/31 MP: 2/2
    29 | D        | Reached XP level 3. HP: 19/38 MP: 3/3
    29 | D        | Reached XP level 4. HP: 22/45 MP: 4/4
    33 | D        | Found a deep blue altar of Sif Muna.
    38 | D        | Bought a twitching turquoise ring for 45 gold pieces
    38 | D        | Bought a bound amber ring for 45 gold pieces
    38 | D        | Bought a twitching iron amulet for 45 gold pieces
    38 | D        | Identified the ring of Omoroic {rN+ Str+4 Int-5 SInv} (You bought it in a shop in the Dungeon)
    39 | D        | Identified the ring "Qezovut" {rC++ Int+3 Dex+4 Stlth-} (You bought it in a shop in the Dungeon)
    40 | D        | Identified the amulet of the Echidna {*Drain +Inv MR- Regen+ Dex+8} (You bought it in a shop in the Dungeon)
    46 | D        | Found a snail-covered altar of Cheibriados.
    49 | D        | Found a basalt altar of Yredelemnul.
    49 | D        | Found a sacrificial altar of Ru.
    49 | D        | Found a viscous altar of Jiyva.
    49 | D        | Found Lyrigir's Magic Scroll Shop.
    49 | D        | Found Furihuri's Staff Store.
    50 | D        | Found Deorisis's Magic Scroll Shop.
    50 | D        | Found Nib Ogha's Must-Have Magic.
    53 | D        | Found a radiant altar of Vehumet.
    55 | D        | Found an opulent altar of Gozag.
    56 | D        | Found Acrirchol's Distillery.
    57 | D        | Found Wexteopha's Distillery.
    57 | D        | Found Plog's Bottled Wisdom.
    58 | D        | Found an ancient bone altar of Kikubaaqudgha.
    58 | D        | Found Juoqiacw's Do-It-Yourself Clinic.
    62 | D        | Reached skill level 5 in Fighting
   103 | D        | Noticed a water moccasin
   113 | D        | Killed a water moccasin
   113 | D        | Reached skill level 6 in Fighting
   113 | D        | Reached skill level 7 in Armour
   113 | D        | Reached XP level 5. HP: 49/55 MP: 5/5
   154 | D        | Arena points: 14 (+14) [x2]
   185 | D        | Round 2.
   189 | D        | Bought a +0 cloak for 54 gold pieces
   331 | D        | Arena points: 56 (+42) [x3]
   362 | D        | Bought 4 potions of curing for 84 gold pieces
   375 | D        | Round 3.
   381 | D        | Noticed an orange demon
   392 | D        | Killed an orange demon
   392 | D        | Reached skill level 9 in Armour
   392 | D        | Reached XP level 6. HP: 63/66 MP: 3/6
   392 | D        | Reached XP level 7. HP: 68/72 MP: 3/7
   465 | D        | Noticed a rust devil
   490 | D        | Noticed an orange demon
   491 | D        | Noticed a red devil
   493 | D        | Noticed a red devil
   528 | D        | Slain by a red devil

Vault maps used:
D:        arena_sprint

Action                   |  1- 3 |  4- 6 |  7- 9 || total
-------------------------+-------+-------+-------++-------
Melee: Flail             |     7 |    31 |    37 ||    75
Invok: Heroism           |       |     1 |     1 ||     2
Evoke: Wand              |     1 |     2 |     1 ||     4
  Use: Potion            |       |     2 |     1 ||     3
       Scroll            |       |       |     1 ||     1
